 Dungeon Crawl Stone Soup version 0.15-a0-773-g3a4c672 (webtiles) character file.

161 4tharraofdagon the Covert (level 5, 0/26 HPs)
             Began as a Spriggan Venom Mage on May 13, 2014.
             Slain by a giant frog (9 damage)
             ... on Level 6 of the Dungeon.
             The game lasted 00:04:29 (593 turns).

4tharraofdagon the Covert (Spriggan Venom Mage)      Turns: 593, Time: 00:04:29

HP   0/26        AC  0     Str  4      XL: 5   Next: 19%
MP   9/14        EV 18     Int 16      God:
Gold 83          SH  0     Dex 18      Spells:  3 memorised,  3 levels left

rFire  . . .     SeeInvis +     o - +0 dagger
rCold  . . .     Clarity  .     j - -2 robe of the Special Souls {rElec}
rNeg   . . .     Conserve .     (shield restricted)
rPois  .         rCorr    .     (helmet restricted)
rElec  +         rRot     .     (no cloak)
SustAb . .       Spirit   .     (gloves unavailable)
rMut   .         Warding  .     (boots unavailable)
Gourm  .         Stasis   .     (no amulet)
MR     .....                    (no ring)
                                (no ring)

@: very slightly contaminated, very quick, not resistant to hostile
enchantments, quite stealthy
A: unfitting armour, talons 1, see invisible, herbivore 3, speed 3, robust 1,
slow metabolism 2
a: no special abilities


You were on level 6 of the Dungeon.
You were not hungry.

You visited 1 branch of the dungeon, and saw 6 of its levels.

You collected 83 gold pieces.

Inventory:

Hand weapons
 o - a +0,+0 dagger (weapon)
Missiles
 h - 20 stones (quivered)
 p - 8 poisoned darts
Armour
 a - a +0 robe
 j - the cursed -2 robe of the Special Souls (worn) {rElec}
   (You found it on level 4 of the Dungeon)

   It insulates you from electricity.
   It has a curse placed upon it.
Magical devices
 e - a wand of magic darts (12)
Comestibles
 n - a bread ration
 q - a slice of pizza
Scrolls
 d - 2 scrolls of noise {unknown}
 f - 2 scrolls of fear {unknown}
 i - a scroll of immolation {unknown}
 l - a scroll of enchant weapon I {unknown}
Potions
 c - a potion of porridge
 g - a potion of curing {unknown}
 k - a potion of heal wounds {unknown}
 m - a potion of poison {unknown}
Books
 b - a Young Poisoner's Handbook

   Spells                             Type                      Level
   *Sting                             Conjuration/Poison           1
   *Cure Poison                       Poison                       2
   *Mephitic Cloud                    Conjuration/Poison/Air       3
   Olgreb's Toxic Radiance            Poison                       4
   Venom Bolt                         Conjuration/Poison           5


   Skills:
 * Level 0.0 Short Blades
 - Level 3.0 Dodging
 * Level 8.5 Stealth
 - Level 2.6 Spellcasting
 - Level 4.0 Poison Magic


You had 3 spell levels left.
You knew the following spells:

 Your Spells              Type           Power        Failure   Level  Hunger
a - Sting                 Conj/Pois      #...         10%         1    #......
b - Cure Poison           Pois           ##........   8%          2    ##.....
c - Mephitic Cloud        Conj/Pois/Air  #.......     34%         3    ###....


Dungeon Overview and Level Annotations

Branches:
Dungeon (6/15)
 Temple: D:4-7

Altars:
Fedhas
Vehumet

Annotations:
D:2 Terence


Innate Abilities, Weirdness & Mutations

You are tiny and cannot use many weapons and most armour.
You have supernaturally acute eyesight.
You are a herbivore.
You cover ground extremely quickly.
You need consume almost no food.
You have sharp toenails.
You are robust (+10% HP).


Message History

Press: ? - help, Shift-Dir - straight line, f/p - giant frog
Aim: a giant frog (lightly wounded)
The sting hits the giant frog.
The giant frog is lightly wounded.
The giant frog hits you. The giant frog completely misses you.
Casting: Sting
Confirm with . or Enter, or press ? or * to list all spells.
Aiming: Sting
Press: ? - help, Shift-Dir - straight line, f/p - giant frog
Aim: a giant frog (lightly wounded)
The sting misses the giant frog.
The giant frog misses you.
Casting: Sting
Confirm with . or Enter, or press ? or * to list all spells.
Aiming: Sting
Press: ? - help, Shift-Dir - straight line, f/p - giant frog
Aim: a giant frog (lightly wounded)
You miscast Sting.
You are very lightly contaminated with residual magic.
Nothing appears to happen.
The giant frog hits you! The giant frog hits you!
You die...

## #..# #.# .#.# #..# #.#
.#.# #..# #.# .#.## #..#
#.# ... #..# #.# #.#
#..#### #.# #
##.#####.....###.##.####
..............[..........
.............###@#......
.......#.....# #F# ...
.................. .
..######.....###... ..#
#.....# ###.. ..# ##.####
... ... ..# .... ..##
#### .g ..#


You could see a giant frog and a goblin (sleeping).

Vanquished Creatures
  An ogre (D:5)
  2 worker ants
  2 adders
  An orc (D:3)
  2 hobgoblins (D:3)
  A giant newt (D:3)
  A goblin (D:3)
  A kobold (D:5)
  A kobold skeleton (D:5)
  A quokka (D:2)
13 creatures vanquished.

Notes
Turn   | Place    | Note
--------------------------------------------------------------
     0 | D:1      | 4tharraofdagon, the Spriggan Venom Mage, began the quest for the Orb.
     0 | D:1      | Reached XP level 1. HP: 9/9 MP: 4/4
    46 | D:2      | Reached XP level 2. HP: 13/13 MP: 0/7
    56 | D:2      | Noticed Terence
    80 | D:2      | Gained mutation: You are robust (+10% HP). [potion of mutation]
    80 | D:2      | Gained mutation: You have sharp toenails. [potion of mutation]
   205 | D:3      | Reached skill level 5 in Stealth
   205 | D:3      | Reached XP level 3. HP: 17/17 MP: 0/9
   215 | D:3      | Found a radiant altar of Vehumet.
   313 | D:3      | Found a blossoming altar of Fedhas.
   361 | D:4      | Got a fabulously ornate robe
   367 | D:4      | Identified the cursed -2 robe of the Special Souls {rElec} (You found it on level 4 of the Dungeon)
   371 | D:4      | Reached skill level 6 in Stealth
   393 | D:4      | Learned a level 2 spell: Cure Poison
   397 | D:4      | Learned a level 3 spell: Mephitic Cloud
   421 | D:4      | Reached XP level 4. HP: 21/23 MP: 8/12
   429 | D:5      | Entered Level 5 of the Dungeon
   456 | D:5      | Noticed an ogre
   492 | D:5      | Killed an ogre
   492 | D:5      | Reached skill level 8 in Stealth
   492 | D:5      | Reached XP level 5. HP: 23/26 MP: 9/14
   593 | D:6      | Slain by a giant frog

Action                   |  1- 3 |  4- 6 || total
-------------------------+-------+-------++-------
Melee: Unarmed           |     5 |     7 ||    12
       Dagger            |       |     5 ||     5
 Cast: Sting             |    23 |    10 ||    33
  Use: Potion            |     4 |       ||     4
 Stab: Sleeping          |     2 |       ||     2

Vault maps used:
D:1:      matt_arrival_diagonals
D:2:      uniq_terence, uniq_jessica
D:3:      fedhas_altar_fruit_tree, vehumet_altar_wand_db,
          minmay_tree_intersection
D:5:      first_bread, uniq_natasha
D:6:      black_bear_nest_2, uniq_blork_the_orc
